 Dungeon Crawl Stone Soup version 0.28-a0-667-g162e43154e (webtiles) character file.

Game seed: 4796368118959196791

25 Buxus the Poker (level 3, -14/35 HPs)
             Began as a Gnoll Cinder Acolyte on Oct 17, 2021.
             Was a High Priest of Ignis.
             Killed from afar by Ijyb (34 damage)
             ... with a bolt of acid
             ... on level 2 of the Dungeon.
             The game lasted 00:02:29 (1113 turns).

Buxus the Poker (Gnoll Cinder Acolyte)              Turns: 1113, Time: 00:02:30

Health: -14/35     AC:  3    Str: 14    XL:     3   Next: 6%
Magic:  3/7        EV: 11    Int: 13    God:    Ignis [*****.]
Gold:   67         SH:  0    Dex:  7    Spells: 5/7 levels left

rFire   + . .      SeeInvis .   a - -1 spear (flame)
rCold   . . .      Faith    .   (no shield)
rNeg    . . .      Spirit   .   g - +0 leather armour
rPois   .          Reflect  .   (no helmet)
rElec   .          Harm     .   (no cloak)
rCorr   .          Rampage  .   (no gloves)
Will    .....                   (no boots)
Stlth   +.........              (no amulet)
HPRegen 0.11/turn               (no ring)
MPRegen 0.10/turn               (no ring)

@: no status effects
A: fangs 1, strong nose, distributed training
a: Renounce Religion, Sea of Fire, Foxfire Swarm, Rising Flame


You were on level 2 of the Dungeon.
You worshipped Ignis.
Ignis was extremely pleased with you.
You visited 1 branch of the dungeon, and saw 2 of its levels.

You collected 67 gold pieces.

Inventory:

Hand Weapons
 a - a -1 spear of flaming (weapon)
Armour
 b - a +0 robe
 g - a +0 leather armour (worn)
Scrolls
 c - a scroll of enchant weapon {unknown}
 d - a scroll of brand weapon {unknown}
 f - a scroll of acquirement {unknown}
Potions
 e - a potion of heal wounds {unknown}
 h - a potion of curing


   Skills:
 + Level 6.5 Fighting
 + Level 0.6 Short Blades
 + Level 0.6 Long Blades
 + Level 0.6 Axes
 + Level 0.6 Maces & Flails
 + Level 6.5 Polearms
 + Level 0.6 Staves
 + Level 0.6 Slings
 + Level 0.6 Bows
 + Level 0.6 Crossbows
 + Level 0.6 Throwing
 + Level 0.6 Armour
 + Level 0.6 Dodging
 + Level 0.6 Stealth
 + Level 0.6 Shields
 + Level 0.6 Unarmed Combat
 + Level 2.8 Spellcasting
 + Level 0.4 Conjurations
 + Level 0.4 Hexes
 + Level 0.4 Summonings
 + Level 0.4 Necromancy
 + Level 0.4 Translocations
 + Level 0.4 Transmutations
 + Level 5.4 Fire Magic
 + Level 0.4 Ice Magic
 + Level 0.4 Air Magic
 + Level 0.4 Earth Magic
 + Level 0.4 Poison Magic
 + Level 0.8 Invocations
 + Level 0.6 Evocations


You had 5 spell levels left.
You knew the following spells:

 Your Spells              Type           Power      Damage    Failure   Level
a - Scorch                Fire           30%        2d6       4%          2

Your spell library contained the following spells:

 Spells                   Type           Power      Damage    Failure   Level


Dungeon Overview and Level Annotations

Branches:
Dungeon (2/15)

Altars:

Annotations:
D:2 Ijyb


Innate Abilities, Weirdness & Mutations

You have very sharp teeth.
Your uncanny sense of smell can sniff out nearby items.
Your experience applies equally to all skills.


Message History

You hit Ijyb but do no damage.
Ijyb is moderately wounded.
Ijyb screams, "You nasty!
Big nasty!"
Ijyb zaps a wand.
The bolt of acid misses you.
You hit Ijyb. You burn Ijyb.
Ijyb is moderately wounded.
Ijyb zaps a wand.
The bolt of acid hits you!!
Ouch! That really hurt!
You hit Ijyb but do no damage.
Ijyb is moderately wounded.
Ijyb screams, "You nasty!
Big nasty!"
Ijyb barely misses you.
You hit Ijyb. You burn Ijyb.
Ijyb is heavily wounded.
Ijyb is no longer more vulnerable to fire.
It was a potion of curing.
You feel better. Ijyb hits you but does no damage.
You hit Ijyb but do no damage.
Ijyb is heavily wounded.
Ijyb completely misses you.
You closely miss Ijyb.
Ijyb is moderately wounded.
Ijyb zaps a wand.
The bolt of acid misses you.
You closely miss Ijyb.
Ijyb is moderately wounded.
Ijyb zaps a wand.
The bolt of acid misses you.
You hit Ijyb. You burn Ijyb.
Ijyb is heavily wounded.
Ijyb barely misses you.
You hit Ijyb but do no damage.
Ijyb is heavily wounded.
You hit Ijyb but do no damage.
Ijyb is heavily wounded.
Ijyb hits you with a +2 spectral club.
You closely miss Ijyb. You bite Ijyb, but do no damage.
Ijyb is moderately wounded.
Ijyb hits you with a +2 spectral club.
Okay, then.
Ijyb zaps a wand.
The bolt of acid hits you!!
Ouch! That really hurt!
You die...

## # #.#.g.g...#
#g#8g....8# #.#.g.....#
#g#8.....8# . #.#.......#
. #g#8.....8# .########
#g# ∆ ∆ .......<#
#.#########. .......##
#.@......... .....[.+
###.###..###
....†..##########.###..#
....................#.>###
.............####........#
............. #........#
............. #........#
#.#####...... #........#
#'### .##### #........#


You could see Ijyb and 3 goblins.

Vanquished Creatures
  A worm (D:2)
  An endoplasm (D:1)
  3 giant cockroaches
  4 goblins
  2 hobgoblins
  2 jackals (D:1)
  2 bats (D:1)
  2 frilled lizards (D:1)
  3 rats (D:1)
20 creatures vanquished.

Vanquished Creatures (others)
  A plant (D:1)
1 creature vanquished.

Grand Total: 21 creatures vanquished

Notes
Turn   | Place    | Note
-------+----------+-------------------------------------------
     0 | D:1      | Buxus the Gnoll Cinder Acolyte began the quest for the Orb.
     0 | D:1      | Reached XP level 1. HP: 23/23 MP: 4/4
   299 | D:1      | Found a faded altar of an unknown god.
   347 | D:1      | Reached XP level 2. HP: 29/29 MP: 5/5
   786 | D:1      | Learned a level 2 spell: Scorch
  1075 | D:2      | Noticed Ijyb
  1091 | D:2      | Reached XP level 3. HP: 29/35 MP: 7/7
  1113 | D:2      | Killed from afar by Ijyb

Illustrated notes

Levels and vault maps discovered:
D:1:      roderic_crop_circles_arrival_small, layout_loops_ring,
          hellmonk_ecumenical_altar_pennies_from_heaven
D:2:      kennysheep_the_goblin_king, layout_basic

Action                   || total
-------------------------++-------
Melee: Spear             ||    91
       Bite              ||     8
 Cast: Scorch            ||     8
  Use: Potion            ||     1
Armor: Robe              ||    12
       Leather armour    ||     2
Dodge: Dodged            ||    40

Table legend: (Time is in decaauts)
 A = Elapsed time spent in this place.
 B = Non-inter-level travel time spent in this place.
 C = Inter-level travel time spent in this place.
 D = Time resting spent in this place.
 E = Time spent auto-exploring this place.
 F = Levels seen in this place.
 G = Mean time per level.
                   A        B        C        D        E       F      G
               +--------+--------+--------+--------+--------+-----+--------+
         Total |   1095 |   1075 |     20 |     26 |    879 |   2 |  547.5 |
       Dungeon |   1095 |   1075 |     20 |     26 |    879 |   2 |  547.5 |
               +--------+--------+--------+--------+--------+-----+--------+

Top non-repeatable levels by time:
     D:1: 821 daAuts
     D:2: 273 daAuts
